 Dungeon Crawl Stone Soup version 0.28-a0-691-gad6df49e81 (webtiles) character file.

Game seed: 9306733312473290113

15179 timneilson the Carver (level 12, -9/109 HPs)
             Began as a Gargoyle Fighter on Oct 22, 2021.
             Was a High Priest of Okawaru.
             Killed from afar by Jorgrun (27 damage)
             ... with an iron shot
             ... on level 12 of the Dungeon.
             The game lasted 00:26:12 (12565 turns).

timneilson the Carver (Gargoyle Fighter)           Turns: 12565, Time: 00:26:13

Health: -9/109     AC: 26    Str: 29    XL:     12   Next: 24%
Magic:  16/16      EV:  2    Int: 11    God:    Okawaru [*****.]
Gold:   586        SH: 13    Dex: 15    Spells: 11/11 levels left

rFire   . . .      SeeInvis .   w - +0 scimitar (vamp)
rCold   . . .      Faith    .   g - +1 kite shield
rNeg    + . .      Spirit   .   (armour currently unavailable)
rPois   ∞          Reflect  .   (helmet currently unavailable)
rElec   .          Harm     .   (cloak currently unavailable)
rCorr   .          Rampage  .   (gloves currently unavailable)
Will    .....      NoTele   +   (boots currently unavailable)
Stlth   +.........              x - amulet of regeneration
HPRegen 1.28/turn               c - +6 ring of dexterity
MPRegen 0.15/turn               h - +6 ring of strength

@: mighty, tree-form, slowed, studying Long Blades, very slow
A: stationary, stasis, torment immunity, boosted hp, sickness immunity, AC +8,
negative energy resistance 1, (electricity resistance), torment resistance 1,
petrification resistance
a: Renounce Religion, Heroism, Finesse, Duel


You were on level 12 of the Dungeon.
You worshipped Okawaru.
Okawaru was extremely pleased with you.
You were a tree.
You visited 2 branches of the dungeon, and saw 13 of its levels.

You collected 886 gold pieces.
You spent 300 gold pieces at shops.

Inventory:

Hand Weapons
 a - a +0 vorpal long sword
 w - a +0 vampiric scimitar (weapon)
Armour
 e - a +0 plate armour (melded)
 g - a +1 kite shield (worn)
 j - a +1 hat (melded)
Jewellery
 c - a +6 ring of dexterity (left branch)
 h - a +6 ring of strength (right branch)
 p - a ring of willpower
 x - an amulet of regeneration (around neck)
Wands
 n - a wand of flame (44)
 r - a wand of digging (9)
Scrolls
 b - 2 scrolls of amnesia
 i - 6 scrolls of teleportation
 k - 2 scrolls of fear
 q - a scroll of enchant armour
 s - a scroll of silence
 t - a scroll of blinking
 u - 3 scrolls of identify
 v - 3 scrolls of fog
 A - a scroll of magic mapping {unknown}
Potions
 f - 3 potions of mutation
 l - a potion of flight
 o - 3 potions of brilliance
 z - a potion of cancellation
Miscellaneous
 y - a lightning rod (inert)


   Skills:
 + Level 7.6 Fighting
 * Level 11.4 Long Blades
 * Level 10.3 Armour
 + Level 5.1 Dodging
 * Level 10.3 Shields
 + Level 6.3 Invocations
 + Level 5.2 Evocations


You had 11 spell levels left.
You didn't know any spells.
Your spell library contained the following spells:

 Spells                   Type           Power      Damage    Failure   Level
 Pain                     Necr           0%         1d4       54%         1
 Dazzling Flash           Conj/Hex       0%         N/A       88%         3
 Vampiric Draining        Necr           0%         2d6       88%         3
 Iskenderun's Mystic Bla  Conj/Tloc      0%         2d3       99%         4
 Starburst                Conj/Fire      0%         6d3       100%        6
 Animate Skeleton         Necr           Unusable   N/A       N/A         1

Dungeon Overview and Level Annotations

Branches:
Dungeon (12/15)            Temple (1/1) D:4            Lair (0/6) D:11
    Orc (0/2) D:10

Altars:
Ashenzari
Cheibriados
Dithmenos
Elyvilon
Fedhas
Gozag
Hepliaklqana
Kikubaaqudgha
Makhleb
Nemelex Xobeh
Okawaru
Qazlal
Ru
Sif Muna
Trog
Uskayaw
Vehumet
Wu Jian
Xom
Yredelemnul
Zin
The Shining One

Shops:
D:1 *   D:2 =   D:3 ==!:!

Annotations:
D:11 3 runed translucent doors
D:12 Jorgrun


Innate Abilities, Weirdness & Mutations

You are a tree.
Your roots penetrate the ground, keeping you stationary.
You cannot be teleported.
You are immune to unholy pain and torment.
Your maximum health is greatly increased.
Your equipment is partially melded.
You are immune to sickness and miasma.
((Your stone body is resilient. (AC +8)))
You are immune to poison.
You resist negative energy. (rN+)
((You are resistant to electric shocks. (rElec)))
You are resistant to unholy torment.
You are immune to petrification.


Message History

The roots' grasp on you weakens, but your attempt to escape fails.
The grasping roots constrict you!
You escape the roots' grasp.
Jorgrun gestures at you while chanting.
You are unaffected.
Jorgrun says, "Yer just na down-ta-earth enough."
Jorgrun gestures at you while chanting. The iron shot misses you.
Found a granite statue.
Jorgrun hits you with a staff of earth!
You closely miss Jorgrun. Jorgrun hits you but does no damage. x2
Jorgrun shatters you!
You feel very mighty all of a sudden.
Jorgrun points at you and mumbles some strange words.
The iron shot misses you.
You hit Jorgrun.
Jorgrun is lightly wounded.
Jorgrun barely misses you. Jorgrun casts a spell at you.
You are unaffected.
You slice Jorgrun!!
Jorgrun is moderately wounded.
Jorgrun hits you with a staff of earth.
You hit Jorgrun.
You feel better.
Jorgrun is moderately wounded.
Jorgrun hits you but does no damage.
Jorgrun points at you and mumbles some strange words.
The iron shot hits you!!
* * * LOW HITPOINT WARNING * * *
Unknown command.
Really quaff the potion of lignification?
You turn into a tree.
Your +1 hat melds into your body.
Your +0 plate armour melds into your body.
Your roots penetrate the ground.
You block Jorgrun's attack.
Unknown command.
You miss Jorgrun.
Jorgrun is moderately wounded.
Jorgrun gestures at you while chanting. The iron shot hits you!!
You die...

#........#######.......
......................
......................
.# #.............## #
#.......#......# #
##.....[.##..?..## #
#.....#..##......#
####....###.###.....####
.##.....# #.# #.♣.......
..#.....# #..#..g.......
........# ..........####
.......## ####.....##
.###...# #.....# ##
###.# #.....# # #.#
+..8..+ . #.# #.....# .#
###


You could see Jorgrun.

Vanquished Creatures
  Gastronok (D:12)
  A boulder beetle (D:8)
  A hydra (D:11)
  4 two-headed ogres
  A death knight (D:11)
  An ugly thing (D:7)
  A cyclops (D:11)
  A gargoyle (D:8)
  A kobold demonologist (D:10)
  2 trolls
  2 hornets
  A wyvern (D:11)
  A vampire (D:10)
  A wraith (D:11)
  16 yaks
  2 steam dragons (D:9)
  6 water moccasins
  7 orc warriors
  3 ice beasts
  2 sky beasts
  A black bear (D:11)
  2 ogres
  3 centaurs
  2 kobold brigands (D:6)
  A phantom (D:7)
  5 bullfrogs
  A gnoll sergeant (D:10)
  3 scorpions
  2 wyvern skeletons
  13 killer bees
  7 wights
  2 centaur zombies (D:10)
  8 orc priests
  2 hounds
  A jelly (D:6)
  A bullfrog skeleton (D:5)
  9 orc wizards
  3 iguanas (D:6)
  2 killer bee zombies
  2 hound skeletons (D:4)
  4 gnolls (D:10)
  7 adders
  2 white imps (D:7)
  An ufetubus (D:6)
  2 adder skeletons (D:4)
  A worm (D:4)
  2 dart slugs
  57 orcs
  4 ball pythons
  5 endoplasms
  3 giant cockroaches
  9 goblins
  3 hobgoblins
  14 kobolds
  A quokka (D:2)
  13 bats
  3 frilled lizards
  12 rats
268 creatures vanquished.

Vanquished Creatures (others)
  22 fungi (D:11)
  34 plants (D:11)
56 creatures vanquished.

Grand Total: 324 creatures vanquished

Notes
Turn   | Place    | Note
-------+----------+-------------------------------------------
     0 | D:1      | timneilson the Gargoyle Fighter began the quest for the
                  | Orb.
     0 | D:1      | Reached XP level 1. HP: 14/14 MP: 1/1
   276 | D:1      | Found Jukheufi's General Store.
   339 | D:1      | Reached XP level 2. HP: 18/19 MP: 2/2
   427 | D:1      | Reached skill level 2 in Long Blades
   602 | D:1      | Found a faded altar of an unknown god.
  1013 | D:2      | Reached XP level 3. HP: 10/23 MP: 3/3
  1922 | D:2      | Found Xuanompi's Jewellery Boutique.
  2316 | D:3      | Found Bumoydu's Jewellery Boutique.
  2375 | D:3      | Reached XP level 4. HP: 18/28 MP: 4/4
  2547 | D:3      | Found Ryan's Jewellery Shoppe.
  2906 | D:3      | Reached skill level 1 in Dodging
  3054 | D:3      | Reached XP level 5. HP: 28/32 MP: 5/5
  3254 | D:3      | Found Laizxyw's Distillery.
  3284 | D:3      | Found Vegegh's Book Emporium.
  3330 | D:3      | Found Xinaq's Distillery.
  3518 | D:4      | Reached skill level 3 in Long Blades
  3576 | D:4      | Reached XP level 6. HP: 36/38 MP: 6/6
  3607 | D:4      | Found a staircase to the Ecumenical Temple.
  3619 | Temple   | Entered the Ecumenical Temple
  3700 | Temple   | Became a worshipper of Warmaster Okawaru
  4478 | D:4      | Found a shimmering altar of Xom.
  4638 | D:5      | Entered Level 5 of the Dungeon
  4741 | D:5      | Found a snail-covered altar of Cheibriados.
  4764 | D:5      | Noticed an ice beast
  4774 | D:5      | Killed an ice beast
  4775 | D:5      | Reached skill level 5 in Armour
  4775 | D:5      | Reached skill level 5 in Shields
  4775 | D:5      | Reached skill level 1 in Invocations
  4775 | D:5      | Reached XP level 7. HP: 32/43 MP: 7/7
  4891 | D:5      | Reached skill level 4 in Long Blades
  4924 | D:5      | Reached * piety under Okawaru
  4925 | D:5      | Reached skill level 1 in Evocations
  5793 | D:5      | Reached XP level 8. HP: 25/48 MP: 9/9
  5943 | D:6      | Reached skill level 5 in Long Blades
  6286 | D:6      | Reached ** piety under Okawaru
  6498 | D:6      | Reached skill level 6 in Long Blades
  6923 | D:7      | Reached skill level 5 in Fighting
  6923 | D:7      | Reached XP level 9. HP: 34/54 MP: 11/11
  7309 | D:7      | Noticed a red ugly thing
  7322 | D:7      | Killed a red ugly thing
  7322 | D:7      | Reached *** piety under Okawaru
  7323 | D:7      | Reached skill level 7 in Long Blades
  7925 | D:8      | Noticed a boulder beetle
  7959 | D:8      | Killed a boulder beetle
  7959 | D:8      | Reached **** piety under Okawaru
  7960 | D:8      | Reached XP level 10. HP: 14/60 MP: 9/13
  7969 | D:8      | Noticed a gargoyle
  8222 | D:8      | Killed a gargoyle
  8223 | D:8      | Reached skill level 8 in Long Blades
  8280 | D:8      | Found an ornate altar of the Wu Jian Council.
  8323 | D:8      | Found a hazy altar of Hepliaklqana.
  8323 | D:8      | Noticed a two-headed ogre
  8332 | D:8      | Killed a two-headed ogre
  8977 | D:9      | Noticed a two-headed ogre
  9724 | D:9      | Found a shadowy altar of Dithmenos.
  9914 | D:9      | Noticed a two-headed ogre
 10047 | D:9      | Killed a two-headed ogre
 10048 | D:9      | Reached skill level 9 in Long Blades
 10481 | D:10     | Entered Level 10 of the Dungeon
 10503 | D:10     | Reached skill level 5 in Invocations
 10548 | D:10     | Reached XP level 11. HP: 41/66 MP: 14/14
 10700 | D:10     | Noticed a two-headed ogre
 10706 | D:10     | Killed a two-headed ogre
 10728 | D:10     | Found a broken altar of Ashenzari.
 10865 | D:10     | Found a staircase to the Orcish Mines.
 10894 | D:10     | Reached skill level 10 in Long Blades
 11287 | D:10     | Reached ***** piety under Okawaru
 11569 | D:3      | Bought an amulet of regeneration for 300 gold pieces
 11745 | D:11     | Found a staircase to the Lair.
 11927 | D:11     | Noticed a two-headed ogre
 11940 | D:11     | Killed a two-headed ogre
 11940 | D:11     | Identified the +10 falchion "Tatwe" {vorpal, rF+} (Okawaru
                  | gifted it to you on level 11 of the Dungeon)
 11940 | D:11     | Received a gift from Okawaru
 12009 | D:11     | Noticed a cyclops
 12018 | D:11     | Killed a cyclops
 12080 | D:11     | Reached skill level 5 in Evocations
 12092 | D:11     | Found a runed translucent gate.
 12093 | D:11     | Found a runed translucent gate.
 12094 | D:11     | Found a runed translucent gate.
 12095 | D:11     | Noticed a brown ugly thing
 12095 | D:11     | Noticed a glowing orange brain
 12095 | D:11     | Noticed a brown ugly thing
 12095 | D:11     | Noticed a red ugly thing
 12095 | D:11     | Noticed a brown ugly thing
 12096 | D:11     | Noticed a purple ugly thing
 12146 | D:11     | Noticed a four-headed hydra
 12151 | D:11     | Killed a four-headed hydra
 12152 | D:11     | Reached skill level 11 in Long Blades
 12152 | D:11     | Reached skill level 10 in Armour
 12152 | D:11     | Reached skill level 10 in Shields
 12152 | D:11     | Noticed a death knight
 12171 | D:11     | Killed a death knight
 12172 | D:11     | Reached skill level 5 in Dodging
 12172 | D:11     | Reached XP level 12. HP: 65/72 MP: 9/16
 12404 | D:11     | Noticed a spark wasp
 12404 | D:11     | a slime creature changed into a spark wasp
 12431 | D:11     | Noticed a great orb of eyes
 12523 | D:12     | Noticed Gastronok
 12547 | D:12     | Killed Gastronok
 12554 | D:12     | Noticed Jorgrun
 12565 | D:12     | Killed from afar by Jorgrun

Illustrated notes

Levels and vault maps discovered:
D:1:      dpeg_arrival_simpleton_a, layout_basic, serial_shops, shop,
          ebering_ecumenical_altar_box
D:2:      layout_basic, serial_aquarium, aquarium_bridge_long_joined
          [aquarium_subvault_wall, aquarium_subvault_bridge,
          aquarium_subvault_wall, aquarium_subvault_window,
          aquarium_subvault_bridge, aquarium_subvault_bridge],
          aquarium_bridge_straight [aquarium_subvault_bridge,
          aquarium_subvault_balcony, aquarium_subvault_bridge,
          aquarium_subvault_wall], aquarium_window_fake, aquarium_window_1,
          aquarium_window_corner, aquarium_window_1, aquarium_view_2d,
          aquarium_balcony_3a, aquarium_pool_S, serial_shops, shop
D:3:      minmay_octagon_keep, layout_basic, serial_shops,
          nicolae_shop_window_shopping, nicolae_shop_waterfront, shop, shop,
          shop, kennysheep_generic_room_8
D:4:      layout_loops_ring, kennysheep_mini, temple_pool_b,
          minmay_manual_mullet
D:5:      layout_basic, mainiacjoe_overflow_tiny_flanked,
          nicolae_underground_beach
D:6:      layout_basic, minmay_holes
D:7:      layout_basic, minivault_23
D:8:      layout_rooms, pdpol_wu_jian_five_deadly_venoms, marbit_many_paths
D:9:      layout_grid_maze, lemuel_coloured_pillars_altar
D:10:     layout_rooms, mainiacjoe_overflow_paths, hiddenorc2_lemuel
D:11:     layout_irregular_city, due_lair_maze_entry_diamond,
          ploomutoo_gammafunk_ghost_potion_laboratory
D:12:     layout_layer_cave, serial_shops, nicolae_lakefront_shop,
          minmay_three_doors, uniq_gastronok, uniq_jorgrun
Temple:   eino_temple_scatter_basement

Skill      XL: |  1  2  3  4  5  6  7  8  9 10 11 |
---------------+----------------------------------+-----
Long Blades    | 2 3 4 6 7 9 11 | 11.4
Armour         | 4 5 6 7 8 10 | 10.3
Dodging        | 1 2 3 4 5 |  5.1
Shields        | 4 5 6 7 8 10 | 10.3
Fighting       | 4 5 6 7 |  7.6
Invocations    | 1 2 4 5 6 |  6.3
Evocations     | 1 2 3 4 5 |  5.2

Action                   |  1- 3 |  4- 6 |  7- 9 | 10-12 || total
-------------------------+-------+-------+-------+-------++-------
Melee: Long sword        |   167 |   176 |   270 |   112 ||   725
       Scimitar          |       |       |       |   382 ||   382
Invok: Heroism           |       |       |     6 |    20 ||    26
       Finesse           |       |       |       |     4 ||     4
Evoke: Lightning rod     |       |       |       |     4 ||     4
       Wand              |       |       |       |     1 ||     1
  Use: Scroll            |     6 |     6 |     3 |     6 ||    21
       Potion            |       |       |     5 |     2 ||     7
Armor: Scale mail        |   123 |    51 |       |       ||   174
       Chain mail        |       |    39 |   172 |    81 ||   292
       Plate armour      |       |       |       |   166 ||   166
Dodge: Dodged            |    85 |    66 |   127 |   265 ||   543
Block: Buckler           |    21 |       |       |       ||    21
       Kite shield       |    43 |   101 |   217 |   431 ||   792

Table legend: (Time is in decaauts)
 A = Elapsed time spent in this place.
 B = Non-inter-level travel time spent in this place.
 C = Inter-level travel time spent in this place.
 D = Time resting spent in this place.
 E = Time spent auto-exploring this place.
 F = Levels seen in this place.
 G = Mean time per level.
                   A        B        C        D        E       F      G
               +--------+--------+--------+--------+--------+-----+--------+
         Total |  12701 |  12195 |    506 |    959 |   8085 |  13 |  977.0 |
       Dungeon |  12464 |  11975 |    489 |    959 |   7891 |  12 | 1038.7 |
        Temple |    236 |    219 |     17 |      0 |    194 |   1 |  236.0 |
               +--------+--------+--------+--------+--------+-----+--------+

Top non-repeatable levels by time:
     D:5: 1491 daAuts
     D:3: 1412 daAuts
     D:9: 1393 daAuts
     D:2: 1354 daAuts
     D:7: 1174 daAuts
     D:8: 1034 daAuts
     D:4: 1021 daAuts
    D:10: 954 daAuts
     D:6: 936 daAuts
     D:1: 879 daAuts
    D:11: 692 daAuts
  Temple: 236 daAuts
    D:12: 118 daAuts
